 Dungeon Sprint DCSS version 0.26-a0-662-g8b9c6dab81 (webtiles) character file.

Game seed: 15350167191290398989

60 TerrariaFan the Frost Mage (level 3, -5/19 HPs)
             Began as a Deep Elf Ice Elementalist on Oct 9, 2020.
             Splashed by an oklob sapling's acid (13 damage)
             ... in the Dungeon (Sprint IV: "Fedhas' Mad Dash").
             The game lasted 00:01:01 (329 turns).

TerrariaFan the Frost Mage (DEIE)                    Turns: 329, Time: 00:01:02

Health: -5/19      AC: -2    Str:  5    XL:     3   Next: 82%
Magic:  8/11       EV: 14    Int: 20    God:
Gold:   41         SH:  0    Dex: 15    Spells: 7/11 levels left

rFire    . . .     SeeInvis .   (no weapon)
rCold    . . .     Faith    .   (no shield)
rNeg     . . .     Spirit   .   a - +0 robe
rPois    .         Reflect  .   (no helmet)
rElec    .         Harm     .   (no cloak)
rCorr    .         Rampage  .   (no gloves)
MR       .....     NoTele   +   (no boots)
Stlth    ++........             (no amulet)
HPRegen  0.06/turn              (no ring)
MPRegen  0.12/turn              (no ring)

@: corroded, frozen ramparts
A: no striking features
a: no special abilities


You were in the Dungeon.
You visited 1 branch You collected 41 gold pieces.

Inventory:

Armour
 a - a +0 robe (worn)
Jewellery
 i - the amulet of invisibility {+Inv}
   (You found it in the Dungeon)

   [amulet of nothing]

   It lets you turn invisible.
Scrolls
 b - a scroll of remove curse {unknown}
 h - a scroll of blinking
Potions
 c - a potion of curing
 d - a potion of heal wounds
 e - a potion of haste
 f - 2 potions of magic
 g - a potion of berserk rage


   Skills:
 + Level 3.5 Dodging
 + Level 3.2 Stealth
 + Level 4.8 Spellcasting
 + Level 8.2 Ice Magic


You had 7 spell levels left.
You knew the following spells:

 Your Spells              Type           Power        Failure   Level
a - Freeze                Ice            ####         1%          1
b - Frozen Ramparts       Ice            #####.       1%          3

Your spell library contained the following spells:

 Spells                   Type           Power        Failure   Level
 Ozocubu's Armour         Ice            #####...     1%          3
 Hailstorm                Conj/Ice       ###.....     22%         4
 Summon Ice Beast         Ice/Summ       ###.....     22%         4


Dungeon Overview and Level Annotations

Branches:
Dungeon (1/1)

Altars:

Annotations:
D exclusion: oklob sapling


Message History

You now have 41 gold pieces (gained 12).
You see here 18 arrows.
b - a scroll labeled ZAG WYNA VOOH
i - the amulet of invisibility {+Inv} You open the door.
An oklob sapling comes into view.
Marking area around an oklob sapling as unsafe for travelling.
Found 13 gold pieces.
The oklob sapling spits acid at you. The splash of acid misses you.
There is an open door here.
Casting: Frozen Ramparts (safe; 1% risk of failure)
Confirm with . or Enter, or press ? or * to list all spells.
The walls around you are covered in ice.
The oklob sapling spits acid at you. The splash of acid hits you!
Ouch! That really hurt!
The acid corrodes you!
You are splashed with acid!
Ouch! That really hurt!
You die...

##################
#<..P#.....#.....#
#PP..'.)...'†#.(.+
#PPPP#.....#.#...#
###############@##
+...# #$P$# #####


You could see an oklob sapling.

Vanquished Creatures
  An oklob sapling (D)
  A worker ant (D)
  A river rat (D)
  A rat (D)
4 creatures vanquished.

Notes
Turn   | Place    | Note
-------+----------+-------------------------------------------
     0 | D        | TerrariaFan the Deep Elf Ice Elementalist began the quest
                  | for the Orb.
     0 | D        | Reached XP level 1. HP: 10/10 MP: 6/6
    11 | D        | Reached skill level 5 in Ice Magic
    11 | D        | Reached XP level 2. HP: 9/15 MP: 3/8
    12 | D        | Reached skill level 6 in Ice Magic
   227 | D        | Noticed an oklob sapling
   231 | D        | Killed an oklob sapling
   231 | D        | Reached skill level 7 in Ice Magic
   231 | D        | Reached XP level 3. HP: 19/19 MP: 5/10
   275 | D        | Learned a level 3 spell: Frozen Ramparts
   278 | D        | Found the amulet of invisibility {+Inv}
   281 | D        | Reached skill level 8 in Ice Magic
   327 | D        | Noticed an oklob sapling
   329 | D        | Splashed by an oklob sapling's acid

Illustrated notes

Levels and vault maps discovered:
D:        dungeon_sprint_fedhas [sprint_temple]

Skill      XL: |  1  2  3 |
---------------+----------+-----
Ice Magic      | 5 7 8 |  8.2
Dodging        | 3 |  3.5
Stealth        | 3 |  3.2
Spellcasting   | 4 |  4.8

Action                   || total
-------------------------++-------
 Cast: Freeze            ||     7
       Frozen Ramparts   ||     2
Dodge: Dodged            ||     4

Table legend: (Time is in decaauts)
 A = Elapsed time spent in this place.
 B = Non-inter-level travel time spent in this place.
 C = Inter-level travel time spent in this place.
 D = Time resting spent in this place.
 E = Time spent auto-exploring this place.
 F = Levels seen in this place.
 G = Mean time per level.
                   A        B        C        D        E       F      G
               +--------+--------+--------+--------+--------+-----+--------+
         Total |    329 |    329 |      0 |    256 |     36 |   1 |  329.0 |
       Dungeon |    329 |    329 |      0 |    256 |     36 |   1 |  329.0 |
               +--------+--------+--------+--------+--------+-----+--------+

Top non-repeatable levels by time:
       D: 329 daAuts
